 Dungeon Crawl Stone Soup version 0.18.1-1-g2f07953 (webtiles) character file.

387 shmeve the Chopper (level 6, -6/84 HPs)
             Began as a Minotaur Berserker on May 6, 2016.
             Was a Priest of Trog.
             Mangled by a gnoll
             ... wielding a +4 halberd
              (13 damage)
             ... on level 4 of the Dungeon.
             The game lasted 00:05:05 (2724 turns).

shmeve the Chopper (Minotaur Berserker)             Turns: 2724, Time: 00:05:05

Health: -6/84      AC:  4    Str: 28    XL:     6   Next: 49%
Magic:  5/5        EV: 12    Int:  5    God:    Trog [***...]
Gold:   171        SH:  0    Dex:  9    Spells: 0 memorised, 5 levels left

rFire  . . .     SeeInvis .     a - +0 hand axe
rCold  . . .     Gourm    .     b - +0 animal skin
rNeg   . . .     Faith    .     (no shield)
rPois  .         Spirit   .     (helmet restricted)
rElec  .         Dismiss  .     f - +0 cloak
rCorr  .         Reflect  .     j - +0 pair of gloves
SustAt .         Harm     .     (no boots)
MR     .....                    (no amulet)
Stlth  ..........               (no ring)
                                (no ring)

@: berserking (expiring), very quick, not resistant to hostile enchantments,
extremely unstealthy
A: retaliatory headbutt, horns 2
a: Berserk, Trog's Hand, Burn Spellbooks, Renounce Religion


You were on level 4 of the Dungeon.
You worshipped Trog.
Trog was most pleased with you.
You were not hungry.

You visited 1 branch of the dungeon, and saw 4 of its levels.

You collected 171 gold pieces.

Inventory:

Hand Weapons
 a - a +0 hand axe (weapon)
Armour
 b - a +0 animal skin (worn)
 f - a +0 cloak (worn)
 j - a +0 pair of gloves (worn)
Scrolls
 d - 3 scrolls of identify {unknown}
 e - a scroll of blinking {unknown}
 k - a scroll of remove curse {unknown}
Potions
 g - a potion of cancellation {unknown}
 i - a potion of magic {unknown}
 l - a potion of heal wounds {unknown}
Comestibles
 c - 2 bread rations
 h - 4 fruits
 m - 3 chunks of flesh


   Skills:
 * Level 5.3 Fighting
 * Level 5.7 Axes
 + Level 2.4 Throwing
 + Level 3.7 Armour
 + Level 3.5 Dodging


You had 5 spell levels left.
You didn't know any spells.

Dungeon Overview and Level Annotations

Branches:
Dungeon (4/15)             Temple (0/1) D:4

Altars:
Ashenzari
Cheibriados
Makhleb
Ru
Vehumet


Innate Abilities, Weirdness & Mutations

You reflexively headbutt those who attack you in melee.
You have a pair of horns on your head.


Message History

A gnoll comes into view. It is wielding an enchanted halberd.
The gnoll shouts!
The gnoll hits you from afar with an enchanted halberd!
* * * LOW HITPOINT WARNING * * *
You see here 10 gold pieces.
A gnoll is nearby!
A red film seems to cover your vision as you go berserk!
You feel yourself moving faster!
You feel mighty!
You feel somewhat more hungry.
The gnoll hits you from afar with an enchanted halberd.
* * * LOW HITPOINT WARNING * * *
You feel a strong urge to attack something.
The gnoll hits you with an enchanted halberd!
* * * LOW HITPOINT WARNING * * *
Found 5 gold pieces.
You closely miss the gnoll. You closely miss the gnoll. You headbutt the gnoll!
The gnoll is almost dead.
The gnoll hits you with an enchanted halberd!
You die...

#.....'........''.
#######........##.
#........##.
#........##.
################.
#######......# ##
.........)...### #
####.$)).....+ +
#@####'#### #g#
#.# #.# #.# #.#
#.# #.# #.# #.#
#.# #.# #.# .$#
#.# #.#


You could see a gnoll.

Vanquished Creatures
  2 ogres (D:4)
  Crazy Yiuf (D:2)
  Natasha (D:2)
  3 gnolls (D:4)
  4 adders
  3 oozes
  2 worms
  4 dart slugs
  2 giant geckos
  4 orcs (D:3)
  2 ball pythons
  7 giant cockroaches
  8 goblins
  10 hobgoblins
  4 kobolds
  A quokka (D:3)
  4 bats
  5 giant newts
  3 rats
70 creatures vanquished.

Notes
Turn   | Place    | Note
--------------------------------------------------------------
     0 | D:1      | shmeve the Minotaur Berserker began the quest for the Orb.
     0 | D:1      | Reached XP level 1. HP: 19/19 MP: 0/0
    68 | D:1      | Reached XP level 2. HP: 20/27 MP: 1/1
   132 | D:1      | Reached skill level 1 in Throwing
   605 | D:2      | Noticed Crazy Yiuf
   610 | D:2      | Killed Crazy Yiuf
   610 | D:2      | Reached XP level 3. HP: 33/33 MP: 2/2
   801 | D:2      | Reached XP level 4. HP: 38/40 MP: 3/3
   808 | D:2      | Reached ** piety under Trog
   968 | D:2      | Noticed Natasha
   972 | D:2      | Killed Natasha
  1160 | D:2      | Found a sacrificial altar of Ru.
  1227 | D:3      | Found a burning altar of Makhleb.
  1227 | D:3      | Found a radiant altar of Vehumet.
  1228 | D:3      | Found a snail-covered altar of Cheibriados.
  1350 | D:3      | Found a shattered altar of Ashenzari.
  1645 | D:3      | Reached XP level 5. HP: 47/47 MP: 4/4
  2318 | D:4      | Noticed an ogre
  2329 | D:4      | Killed an ogre
  2329 | D:4      | Reached *** piety under Trog
  2329 | D:4      | Reached skill level 5 in Fighting
  2329 | D:4      | Reached skill level 5 in Axes
  2570 | D:4      | Found a staircase to the Ecumenical Temple.
  2582 | D:4      | Noticed an ogre
  2586 | D:4      | Killed an ogre
  2586 | D:4      | Reached XP level 6. HP: 56/56 MP: 5/5
  2724 | D:4      | Mangled by a gnoll

Skill      XL: |  1  2  3  4  5 |
---------------+----------------+-----
Axes           | 4 5 |  5.7
Throwing       | 1 2 |  2.4
Fighting       | 4 5 |  5.3
Armour         | 3 |  3.7
Dodging        | 3 |  3.5

Action                   |  1- 3 |  4- 6 || total
-------------------------+-------+-------++-------
Melee: Hand axe          |    38 |   102 ||   140
       Headbutt          |     6 |    19 ||    25
Invok: Berserk           |     1 |     2 ||     3
  Eat: Chunk             |     1 |     7 ||     8
Armor: Animal skin       |     6 |    26 ||    32
Dodge: Dodged            |    33 |    57 ||    90
